 Dungeon Crawl Stone Soup version 0.28-a0-653-g7e9dba17c3 (webtiles) character file.

Game seed: 3734742239476264919

420680 Liado the Warrior (level 23, -2/227 HPs)
             Began as a Hill Orc Fighter on Oct 12, 2021.
             Was an Elder of Ashenzari.
             Splashed by a caustic shrike's acid (6 damage)
             ... on level 4 of the Depths.
             The game lasted 03:11:10 (44202 turns).

Liado the Warrior (Hill Orc Fighter)               Turns: 44202, Time: 03:11:11

Health: -2/227     AC: 27    Str: 29    XL:     23   Next: 35%
Magic:  14/49      EV:  9    Int: 10    God:    Ashenzari [****..]
Gold:   2797       SH: 14    Dex:  9    Spells: 20/49 levels left

rFire   + + .      SeeInvis +   B - +9 broad axe of the Cryptic Soothsayer {venom, Evo, Melee} (curse)
rCold   + . .      Faith    .   H - +3 buckler {rC+ rF+}
rNeg    . . .      Spirit   .   K - +5 crystal plate armour "Pangnostic Disgust" {rF+ Dex+2 Stlth+, Self, Evo} (curse)
rPois   +          Reflect  +   Q - +2 helmet of Star-Bound Wisdom {SInv, Comp, Melee} (curse)
rElec   +          Harm     .   W - +2 cloak of the Ensconced Augurer {rPois, Fort, Melee} (curse)
rCorr   .          Rampage  +   C - +2 pair of gloves "Shackled With Me" {Cun, Melee} (curse)
Will    .....      Clarity  +   s - +1 pair of boots of the Circumscribed Seer {rampage, Fort, Self} (curse)
Stlth   ..........              q - amulet of Bapliov {Reflect rElec Will- Regen+ SH+5}
HPRegen 1.47/turn               R - ring "Ikumoz" {rElec MP+9 Str+3 Dex-4}
MPRegen 0.31/turn               k - ring of the Fated Pragmatism {Slay+4, Evo, Melee} (curse)

@: ice-armoured, corroded
A: no striking features
}: 3/15 runes: decaying, silver, gossamer
a: Renounce Religion, Shatter the Chains


You were on level 4 of the Depths.
You worshipped Ashenzari.
Ashenzari was greatly pleased with you.
You visited 9 branches of the dungeon, and saw 42 of its levels.
You visited the Abyss 2 times.
You also visited: Ossuary, Ice Cave and Wizlab.

You collected 6170 gold pieces.
You spent 3373 gold pieces at shops.

Inventory:

Hand Weapons
 p - a +2 vampiric broad axe
 B - the cursed +9 broad axe of the Cryptic Soothsayer (weapon) {venom, Evo, Melee}
   (You found it in an ice cave)

   It poisons the flesh of those it strikes.
   It has a curse which improves the following skills: Evocations: Evocations.
   Melee Combat: Short Blades, Long Blades, Axes, Maces & Flails, Polearms,
   Staves and Unarmed Combat.
Armour
 s - the cursed +1 pair of boots of the Circumscribed Seer (worn) {rampage, Fort, Self}
   (You acquired it in the Ecumenical Temple)

   It has a curse which improves the following skills: Fortitude: Armour and
   Shields.
   Introspection: Fighting and Spellcasting.
 C - the cursed +2 pair of gloves "Shackled With Me" (worn) {Cun, Melee}
   (You found it on level 5 of the Dungeon)

   It has a curse which improves the following skills: Cunning: Dodging and
   Stealth.
   Melee Combat: Short Blades, Long Blades, Axes, Maces & Flails, Polearms,
   Staves and Unarmed Combat.
 H - a +3 buckler of resistance (worn)
 K - the cursed +5 crystal plate armour "Pangnostic Disgust" (worn) {rF+ Dex+2 Stlth+, Self, Evo}
   (You bought it in a shop on level 10 of the Dungeon)

   Dex:       It affects your dexterity (+2).
   rF:        It protects you from fire.
   Stlth:     It makes you more stealthy.
   It has a curse which improves the following skills: Introspection: Fighting
   and Spellcasting.
   Evocations: Evocations.
 Q - the cursed +2 helmet of Star-Bound Wisdom (worn) {SInv, Comp, Melee}
   (You bought it in a shop on level 10 of the Dungeon)

   It has a curse which improves the following skills: Companions: Summonings
   and Necromancy.
   Melee Combat: Short Blades, Long Blades, Axes, Maces & Flails, Polearms,
   Staves and Unarmed Combat.
 W - the cursed +2 cloak of the Ensconced Augurer (worn) {rPois, Fort, Melee}
   (You found it on level 1 of the Lair of Beasts)

   It has a curse which improves the following skills: Fortitude: Armour and
   Shields.
   Melee Combat: Short Blades, Long Blades, Axes, Maces & Flails, Polearms,
   Staves and Unarmed Combat.
Jewellery
 k - the cursed ring of the Fated Pragmatism (right hand) {Slay+4, Evo, Melee}
   (You found it on level 5 of the Dungeon)

   [ring of slaying]

   Slay:      It affects your accuracy & damage with ranged weapons and melee
   (+4).
   It has a curse which improves the following skills: Evocations: Evocations.
   Melee Combat: Short Blades, Long Blades, Axes, Maces & Flails, Polearms,
   Staves and Unarmed Combat.
 q - the amulet of Bapliov (around neck) {Reflect rElec Will- Regen+ SH+5}
   (You took it off an ironbound preserver on level 5 of the Vaults)

   [amulet of reflection]

   It reflects blocked missile attacks.
   rElec:     It insulates you from electricity.
   Regen:     It increases your rate of health regeneration.
   SH:        It affects your SH (+5).
   Will:      It decreases your willpower.
 R - the ring "Ikumoz" (left hand) {rElec MP+9 Str+3 Dex-4}
   (You found it on level 5 of the Vaults)

   [ring of magical power]

   Str:       It affects your strength (+3).
   Dex:       It affects your dexterity (-4).
   rElec:     It insulates you from electricity.
   MP:        It affects your magic capacity (+9).
Wands
 h - a wand of digging (24)
 y - a wand of polymorph (26)
 z - a wand of paralysis (21)
 D - a wand of flame (8)
 G - a wand of acid (40)
 L - a wand of charming (20)
 M - a wand of iceblast (42)
 V - a wand of mindburst (10)
Scrolls
 d - 22 scrolls of teleportation
 g - 4 scrolls of amnesia
 i - a scroll of enchant armour
 l - a scroll of silence
 m - 3 scrolls of vulnerability
 o - 6 scrolls of magic mapping
 t - 4 scrolls of enchant weapon
 v - 7 scrolls of fear
 A - 4 scrolls of holy word
 I - 4 scrolls of summoning
 U - 3 scrolls of torment
 X - 3 scrolls of blinking
 Y - 4 scrolls of immolation
 Z - 8 scrolls of fog
Potions
 b - 4 potions of haste
 c - 6 potions of attraction
 e - a potion of heal wounds
 f - a potion of berserk rage
 j - a potion of lignification
 n - 3 potions of cancellation
 u - 8 potions of brilliance
 w - 5 potions of might
 x - 4 potions of magic
 F - 2 potions of flight
 J - 12 potions of curing
 O - 4 potions of resistance
 S - 7 potions of ambrosia
Miscellaneous
 a - a phantom mirror
 r - a condenser vane
 E - a piece from Xom's chessboard (15/15)
 N - a tin of tremorstones (2/2)


   Skills:
 - Level 20.0(23.2) Fighting
 - Level 13.4(20.2) Axes
 - Level 18.5(21.8) Armour
 - Level 6.2(8.5) Dodging
 - Level 6.6(9.0) Stealth
 - Level 7.6(11.2) Shields
 - Level 10.0(13.5) Spellcasting
 * Level 11.6 Conjurations
 * Level 9.9 Hexes
 - Level 3.1(5.1) Summonings
 - Level 11.0 Translocations
 - Level 9.0 Transmutations
 - Level 5.0 Fire Magic
 * Level 9.7 Ice Magic
 - Level 14.5(19.1) Evocations


You had 20 spell levels left.
You knew the following spells:

 Your Spells              Type           Power      Damage    Failure   Level
a - Blink                 Tloc           N/A        N/A       1%          2
b - Passage of Golubria   Tloc           N/A        N/A       10%         4
c - Manifold Assault      Tloc           28%        N/A       26%         5
d - Wereblood             Tmut           24%        N/A       3%          2
e - Passwall              Tmut/Erth      12%        N/A       21%         2
f - Irradiate             Conj/Tmut      13%        3d18      34%         5
g - Ozocubu's Armour      Ice            26%        N/A       4%          3
h - Dazzling Flash        Conj/Hex       56%        N/A       3%          3
i - Inner Flame           Hex/Fire       21%        N/A       12%         3

Your spell library contained the following spells:

 Spells                   Type           Power      Damage    Failure   Level
 Magic Dart               Conj           100%       1d8       1%          1
 Searing Ray              Conj           60%        2d6       1%          2
 Ensorcelled Hibernation  Hex/Ice        52%        N/A       2%          2
 Slow                     Hex            26%        N/A       2%          2
 Lesser Beckoning         Tloc           28%        N/A       2%          3
 Confusing Touch          Hex            26%        N/A       4%          3
 Iskenderun's Mystic Bla  Conj/Tloc      29%        2d7       9%          4
 Fulminant Prism          Conj/Hex       14%        3d9       10%         4
 Hailstorm                Conj/Ice       28%        3d8       11%         4
 Static Discharge         Conj/Air       18%        N/A       12%         2
 Cause Fear               Hex            13%        N/A       14%         4
 Scorch                   Fire           32%        2d7       17%         2
 Ice Form                 Ice/Tmut       25%        N/A       19%         4
 Stone Arrow              Conj/Erth      36%        3d9       24%         3
 Flame Wave               Conj/Fire      23%        3d6       28%         4
 Sticky Flame             Conj/Fire      23%        2d4       28%         4
 Ignite Poison            Fire/Tmut/Pois 16%        N/A       36%         3
 Spider Form              Tmut/Pois      7%         N/A       38%         3
 Metabolic Englaciation   Hex/Ice        13%        N/A       38%         5
 Yara's Violent Unravell  Hex/Tmut       12%        3d7       43%         5
 Mephitic Cloud           Conj/Pois/Air  14%        N/A       45%         3
 Fireball                 Conj/Fire      11%        3d7       61%         5
 Sandblast                Erth           12%        2d6       65%         1
 Sublimation of Blood     Necr           3%         N/A       75%         2
 Corpse Rot               Necr/Air       N/A        N/A       77%         2
 Freezing Cloud           Conj/Ice/Air   10%        6-21      77%         5
 Petrify                  Tmut/Erth      15%        N/A       80%         4
 Silence                  Hex/Air        8%         N/A       97%         5
 Starburst                Conj/Fire      11%        6d5       99%         6
 Animate Dead             Necr           3%         N/A       100%        4
 Dispel Undead            Necr           7%         3d8       100%        4
 Agony                    Necr           7%         N/A       100%        5
 Borgnjor's Vile Clutch   Necr/Erth      3%         N/A       100%        5
 Death Channel            Necr           3%         N/A       100%        6
 Simulacrum               Ice/Necr       8%         N/A       100%        6
 Summon Cactus Giant      Summ           8%         N/A       100%        6
 Haunt                    Necr/Summ      6%         N/A       100%        7
 Ozocubu's Refrigeration  Ice            13%        4d7       100%        7
 Storm Form               Tmut/Air       7%         N/A       100%        7
 Summon Hydra             Summ           8%         N/A       100%        7
 Discord                  Hex            13%        N/A       100%        8
 Ignition                 Fire           8%         3d5       100%        8
 Infestation              Necr           3%         N/A       100%        8
 Lehudib's Crystal Spear  Conj/Erth      9%         10d4      100%        8


Dungeon Overview and Level Annotations

Branches:
Dungeon (15/15)            Temple (1/1) D:7            Lair (6/6) D:9
  Swamp (4/4) Lair:3       Spider (4/4) Lair:3        Slime (0/5) Lair:5
    Orc (2/2) D:9             Elf (0/3) Orc:2        Vaults (5/5) D:14
  Crypt (1/3) Vaults:2     Depths (4/4) D:15        Ossuary (visited)
  IceCv (visited)          WizLab (visited)
    Zot: Depths:4

Altars:
Ashenzari
Cheibriados
Dithmenos
Elyvilon
Fedhas
Gozag
Hepliaklqana
Kikubaaqudgha
Makhleb
Nemelex Xobeh
Okawaru
Qazlal
Ru
Sif Muna
Trog
Uskayaw
Vehumet
Wu Jian
Xom
Yredelemnul
Zin
The Shining One
Beogh

Shops:
D:8 *   D:10 [   Orc:2 [*=(   Swamp:2 *   Vaults:1 *   Vaults:2 ?

Portals:
Hell: Depths:1 Depths:2 Depths:3
Abyss: Depths:1 Depths:2 Depths:3
Pandemonium: Depths:1 Depths:2
Ziggurat: Depths:4

Annotations:
Vaults:5 Frederick


Message History

You miss the caustic shrike.
The caustic shrike is almost dead.
You slash the caustic shrike! You miss the caustic shrike.
You block the caustic shrike's attack. x2
The caustic shrike claws you but does no damage.
The caustic shrike claws you.
* * * LOW HITPOINT WARNING * * *
The acid corrodes you!
You are splashed with acid!
* * * LOW HITPOINT WARNING * * *
You hit the caustic shrike.
The caustic shrike is severely wounded.
You hit the caustic shrike but do no damage.
The caustic shrike looks as sick as possible!
You slash the caustic shrike!
The caustic shrike claws you but does no damage.
You block the caustic shrike's attack. x3
The caustic shrike claws you but does no damage.
You closely miss the caustic shrike.
The caustic shrike is severely wounded.
You closely miss the caustic shrike.
You hit the caustic shrike but do no damage.
The caustic shrike looks as sick as possible!
The caustic shrike closely misses you.
The caustic shrike claws you but does no damage. x3
You hit the caustic shrike.
The caustic shrike looks as sick as possible!
The caustic shrike is almost dead.
You hit the caustic shrike but do no damage.
You closely miss the caustic shrike. The caustic shrike claws you!
* * * LOW HITPOINT WARNING * * *
You are splashed with acid!
* * * LOW HITPOINT WARNING * * *
You block the caustic shrike's attack. The caustic shrike claws you.
* * * LOW HITPOINT WARNING * * *
You are splashed with acid!
* * * LOW HITPOINT WARNING * * *
The caustic shrike claws you!!
* * * LOW HITPOINT WARNING * * *
You are splashed with acid.
You die...

, , ,* ##...# #...#
#...# ,, #...#
#...# ,,
#######...# #...# ,
,
..........####...#
,
..........####...#
,.................#
,...........bb....#
......=....b@....#
,
..........####...#
,,
..........####...#
* ..........# #...#
* ..........# #...#
* ,..........#
#...#* ** ,
..........# * ,..,
,* * ........?.# ,
, * , ,, , , * ,


You could see 3 caustic shrikes.

Vanquished Creatures
  An ancient lich (WizLab)
  A juggernaut (Depths:2)
  A royal mummy (Depths:3)
  Saint Roka (Orc:1)
  A golden dragon (Depths:2)
  2 caustic shrikes
  A bone dragon (Swamp:4)
  Rupert (D:13)
  5 tentacled monstrosities
  4 liches
  4 titans
  2 walking crystal tomes
  A quicksilver dragon (Depths:2)
  The ghost of atomjack the Gelid, an adept DsIE of Vehumet (Spider:1)
  3 sphinxes
  Frances (Spider:1)
  2 ancient champions (WizLab)
  4 tengu reavers
  A thorn hunter (Swamp:1)
  2 shadow dragons
  Kirke (Swamp:1)
  Donald (Swamp:2)
  The ghost of Itutiusk the Severer, an adept VSFi of Ru (Vaults:2)
  A storm dragon (Vaults:4)
  4 fire giants
  3 iron dragons
  2 ghost moths (Spider:4)
  Louise (Depths:2)
  A juggernaut zombie (Depths:3)
  5 frost giants
  2 orc warlords
  12 vault wardens
  Aizul (Swamp:3)
  A balrug (Depths:1)
  9 emperor scorpions
  19 ironbound preservers
  4 war gargoyles
  10 stone giants
  A green draconian (Depths:4)
  A black draconian (Depths:4)
  12 very ugly things
  2 entropy weavers
  8 dire elephants
  5 spark wasps
  A white draconian (Abyss:2)
  3 bunyips
  3 crystal guardians
  8 ettins
  A deep elf death mage (Vaults:5)
  A deep elf high priest (Vaults:4)
  10 eleionomae
  A merfolk impaler (Depths:1)
  A quicksilver dragon zombie (Depths:3)
  12 yaktaur captains
  4 fire dragons
  A jiangshi (Crypt:1)
  7 great orbs of eyes
  Harold (Lair:1)
  8 ice dragons
  2 rakshasas (Depths:1)
  31 vault guards
  3 peacekeepers
  10 ironbound thunderhulks
  9 ironbound frosthearts
  5 spriggan air magi
  7 boulder beetles
  19 hydras
  3 ogre magi
  23 centaur warriors
  2 catoblepae
  A ghost crab (Swamp:3)
  4 alligators
  17 death yaks
  8 deep troll shamans
  4 tengu warriors
  5 deep troll earth magi
  8 two-headed ogres
  2 spriggan berserkers
  A shock serpent (shapeshifter) (Vaults:4)
  A titan zombie (Depths:3)
  Nergalle (D:10)
  An orc high priest (Orc:2)
  Sonja (Lair:1)
  2 storm dragon zombies (Depths:3)
  3 sun demons
  Urug (D:13)
  6 soul eaters
  A golden dragon zombie (Depths:3)
  5 iron trolls
  A sixfirhy (Depths:2)
  8 hell knights
  A salamander mystic (Depths:3)
  9 skeletal warriors
  A death drake (Swamp:4)
  2 spark wasp zombies (Depths:3)
  A swamp dragon (shapeshifter) (Vaults:5)
  4 spriggan druids
  A goliath frog (Swamp:1)
  2 spectral hydras (Swamp:4)
  5 swamp dragons
  2 glowing orange brains
  3 lindwurms
  70 deep trolls
  11 bog bodies
  2 tengu zombies (Depths:3)
  2 necromancers
  15 wizards
  8 orc knights
  7 harpies
  53 ugly things
  A shadow dragon zombie (Depths:3)
  6 phantasmal warriors
  15 ironbound convokers
  A wolf spider (shapeshifter) (Vaults:2)
  13 orb spiders
  2 deep elf pyromancers
  4 orc sorcerers
  22 wolf spiders
  A harpy (shapeshifter) (D:15)
  2 tengu skeletons
  An oklob plant (Lair:5)
  A frost giant zombie (Depths:3)
  3 will-o-the-wisps
  4 cyclopes
  4 salamanders
  2 moths of wrath
  A manticore (D:14)
  5 black mambas
  2 stone giant skeletons (Vaults:2)
  14 vault sentinels
  An elf skeleton (Vaults:2)
  11 cane toads
  3 smoke demons
  2 rime drakes
  31 yaktaurs
  Psyche (D:8)
  An unseen horror (D:10)
  A hellwing (Depths:2)
  10 komodo dragons
  6 demonic crawlers
  2 kobold demonologists (D:13)
  A tormentor (Depths:2)
  2 tengu conjurers
  3 swamp worm zombies (Swamp:4)
  3 yaktaur skeletons (Vaults:2)
  3 guardian mummies (Depths:3)
  8 polar bears
  3 hydra zombies (Swamp:4)
  10 trolls
  12 tyrant leeches
  16 jumping spiders
  17 hornets
  A bloated husk (Swamp:4)
  A sphinx simulacrum (Depths:3)
  A slime creature (shapeshifter) (Vaults:5)
  35 slime creatures
  3 spectral swamp dragons (Swamp:4)
  14 blink frogs
  12 dream sheep (Lair:6)
  5 alligator zombies (Swamp:4)
  A stone giant simulacrum (Vaults:3)
  30 tarantellas
  4 starcursed masses (Abyss:2)
  An ettin zombie (Vaults:3)
  4 wraiths
  3 water elementals (Depths:1)
  A centaur simulacrum (D:14)
  A ynoxinul (Depths:2)
  An ettin skeleton (Vaults:2)
  5 hogs (Swamp:1)
  73 redbacks
  3 vampires (WizLab)
  A fire elemental (Depths:1)
  16 humans
  25 spriggans
  4 wyverns
  49 yaks
  4 basilisks
  A steam dragon (D:9)
  A small abomination (Vaults:4)
  2 wargs (Orc:2)
  14 swamp worms
  2 acid dragons
  2 two-headed ogre zombies (WizLab)
  A floating eye (shapeshifter) (Vaults:5)
  16 water moccasins
  22 orc warriors
  2 sky beasts
  4 swamp dragon zombies (Swamp:4)
  2 necrophages
  36 wolves
  16 centaurs
  4 boggarts (Lair:6)
  7 black bears
  7 ogres
  7 human skeletons
  5 kobold brigands
  6 phantoms
  9 bullfrogs
  4 scorpions
  4 earth elementals (D:12)
  3 gnoll sergeants
  A cane toad simulacrum (IceCv)
  A water moccasin zombie (D:6)
  10 troll zombies
  An elephant simulacrum (IceCv)
  A water moccasin skeleton (D:3)
  An electric eel (Spider:2)
  9 wights (WizLab)
  A vampire bat (Orc:2)
  2 bullfrog zombies
  4 hounds
  4 jellies
  2 bullfrog skeletons
  A centaur zombie (D:10)
  2 gnoll shamans
  14 orc priests
  A centaur skeleton (D:6)
  Jessica (D:2)
  Ijyb (D:3)
  5 iguanas
  17 orc wizards
  13 hell rats
  2 killer bee zombies
  2 wolf simulacra (IceCv)
  3 ogre zombies (WizLab)
  2 hound zombies (D:3)
  2 hound skeletons
  15 mummies
  Robin (D:2)
  21 gnolls
  2 howler monkey skeletons
  2 river rats (Lair:2)
  3 swamp drake zombies (Swamp:4)
  3 adders
  A white imp (D:7)
  An adder skeleton (D:3)
  3 worms
  63 orcs
  4 ball pythons
  11 bats
  15 endoplasms
  A giant cockroach (D:1)
  2 gnoll zombies (Ossuary)
  16 goblins
  11 hobgoblins
  12 jackals
  6 quokkas
  3 ball python skeletons (D:3)
  A ball python zombie (D:3)
  A frilled lizard (D:3)
  2 giant cockroach zombies (D:3)
  A goblin zombie (D:4)
  2 hobgoblin zombies (Ossuary)
  10 kobolds
  3 kobold zombies (Ossuary)
  2 orc zombies
  2 quokka skeletons
  15 rats
  A lurking horror (Abyss:2)
1667 creatures vanquished.

Vanquished Creatures (others)
  A freezing wraith (Vaults:4)
  6 bloated husks
  A hell rat (Lair:5)
  8 foxfires
  29 fungi
  55 plants
  4 toadstools (D:1)
  A withered plant (D:3)
105 creatures vanquished.

Grand Total: 1772 creatures vanquished

Notes
Turn   | Place    | Note
-------+----------+-------------------------------------------
     0 | D:1      | Liado the Hill Orc Fighter began the quest for the Orb.
     0 | D:1      | Reached XP level 1. HP: 19/19 MP: 1/1
   504 | D:1      | Reached XP level 2. HP: 27/27 MP: 2/2
   763 | D:1      | Reached skill level 4 in Fighting
   779 | D:1      | Reached XP level 3. HP: 30/33 MP: 3/3
   993 | D:1      | Found a faded altar of an unknown god.
  1292 | D:2      | Noticed Robin
  1315 | D:2      | Killed Robin
  1316 | D:2      | Reached XP level 4. HP: 19/40 MP: 4/4
  1607 | D:2      | Noticed Jessica
  1616 | D:2      | Killed Jessica
  1989 | D:3      | Reached XP level 5. HP: 33/47 MP: 5/5
  2185 | D:3      | Noticed Ijyb
  2207 | D:3      | Killed Ijyb
  2208 | D:3      | Reached skill level 5 in Fighting
  2689 | D:3      | Reached XP level 6. HP: 54/56 MP: 6/6
  3058 | D:4      | Reached skill level 5 in Axes
  3171 | D:4      | Reached skill level 5 in Armour
  3446 | D:4      | Found a sand-covered staircase.
  3458 | Ossuary  | Entered an ossuary
  3494 | Ossuary  | Reached XP level 7. HP: 60/62 MP: 7/7
  3615 | Ossuary  | Reached skill level 6 in Fighting
  4422 | D:5      | Entered Level 5 of the Dungeon
  4463 | D:5      | Reached XP level 8. HP: 63/71 MP: 8/8
  4502 | D:5      | Found a bloodstained altar of Trog.
  4513 | D:5      | Reached skill level 7 in Fighting
  5314 | D:6      | Found a stormy altar of Qazlal.
  5314 | D:6      | Found an iron altar of Okawaru.
  5333 | D:6      | Reached skill level 8 in Fighting
  5430 | D:6      | Reached XP level 9. HP: 34/82 MP: 9/9
  5977 | D:6      | Identified the +2 leather armour of Noughts and Crosses
                  | {rF- rC+ Regen+ Int+4}
  7097 | D:7      | Reached skill level 9 in Fighting
  7834 | D:7      | Found a staircase to the Ecumenical Temple.
  7840 | Temple   | Entered the Ecumenical Temple
  7981 | Temple   | Became a worshipper of Ashenzari the Shackled
  7981 | Temple   | Identified 2 scrolls of acquirement
  7984 | Temple   | Acquired 628 gold pieces
  7986 | Temple   | Acquired a +1 pair of boots of rampaging
  8167 | D:8      | Noticed Psyche
  8173 | D:8      | Cast into level 1 of the Abyss (Psyche)
  8207 | D:8      | Escaped the Abyss
  8209 | D:8      | Killed Psyche
  8210 | D:8      | Reached skill level 5 in Shields
  8685 | D:8      | Found a shimmering blue altar of Sif Muna.
  8856 | D:8      | Found Uqelau's Assorted Antiques.
  8862 | D:8      | Bought a scroll of enchant armour for 187 gold pieces
  8862 | D:8      | Bought a shiny plate armour for 650 gold pieces
  9077 | D:9      | Reached skill level 10 in Axes
  9084 | D:9      | Reached XP level 10. HP: 44/93 MP: 10/10
  9095 | D:9      | Reached skill level 10 in Fighting
  9421 | D:9      | Found a staircase to the Lair.
  9464 | D:9      | Found a staircase to the Orcish Mines.
 10034 | D:10     | Entered Level 10 of the Dungeon
 10081 | D:10     | Noticed Nergalle
 10084 | D:10     | Noticed a spectral orc warlord
 10099 | D:10     | Killed Nergalle
 10100 | D:10     | Reached skill level 11 in Fighting
 10100 | D:10     | Reached skill level 10 in Armour
 10317 | D:10     | Found Aloirgh's Armour Emporium.
 10341 | D:10     | Reached XP level 11. HP: 99/102 MP: 11/11
 10362 | D:10     | Bought a +0 cloak for 54 gold pieces
 10362 | D:10     | Bought a +2 buckler of reflection for 222 gold pieces
 10362 | D:10     | Bought a +2 helmet of see invisible for 258 gold pieces
 10481 | D:10     | Found a hide-covered altar of Uskayaw.
 10484 | D:10     | Reached * piety under Ashenzari
 10487 | D:10     | Found a blossoming altar of Fedhas.
 10487 | D:10     | Found a sacrificial altar of Ru.
 10500 | D:10     | Found a burning altar of Makhleb.
 10503 | D:10     | Found an ornate altar of the Wu Jian Council.
 10731 | D:10     | Reached skill level 1 in Dodging
 10745 | D:10     | Noticed a two-headed ogre
 10752 | D:10     | Killed a two-headed ogre
 10829 | D:10     | Found a basalt altar of Yredelemnul.
 11320 | D:11     | Noticed a two-headed ogre
 11329 | D:11     | Killed a two-headed ogre
 11330 | D:11     | Reached ** piety under Ashenzari
 11398 | D:11     | Noticed a cyclops
 11404 | D:11     | Killed a cyclops
 11458 | D:11     | Reached skill level 1 in Stealth
 11816 | D:11     | Found a frozen archway.
 11867 | IceCv    | Entered an ice cave
 11867 | IceCv    | Noticed a white ugly thing
 11880 | IceCv    | Killed a white ugly thing
 11881 | IceCv    | Reached skill level 12 in Fighting
 11939 | IceCv    | Found a transporter.
 11949 | IceCv    | Identified the Collected Works on the Glacier
 11951 | IceCv    | Found a transporter.
 13233 | D:12     | Noticed a cyclops
 13248 | D:12     | Killed a cyclops
 13296 | D:12     | Noticed a deep elf pyromancer
 13303 | D:12     | Killed a deep elf pyromancer
 13361 | D:12     | Reached XP level 12. HP: 105/115 MP: 12/12
 13377 | D:12     | Noticed a tengu warrior
 13384 | D:12     | Killed a tengu warrior
 14075 | D:13     | Noticed an eight-headed hydra
 14093 | D:13     | Killed a 15-headed hydra
 14094 | D:13     | Reached skill level 5 in Stealth
 14176 | D:13     | Noticed a centaur warrior
 14182 | D:13     | Killed a centaur warrior
 14439 | D:13     | Noticed a catoblepas
 14459 | D:13     | Killed a catoblepas
 14656 | D:13     | Reached *** piety under Ashenzari
 14752 | D:14     | Noticed a centaur warrior
 14752 | D:14     | Noticed Urug
 14752 | D:14     | Noticed Rupert
 14752 | D:14     | Noticed a centaur warrior
 14752 | D:14     | Noticed a centaur warrior
 14752 | D:14     | Found a gate to the Vaults.
 14756 | D:14     | Paralysed by Rupert for 7 turns
 14759 | D:14     | Noticed a four-headed hydra
 14768 | D:13     | Reached skill level 1 in Spellcasting
 14780 | D:13     | Killed Rupert
 14947 | Lair:1   | Entered Level 1 of the Lair of Beasts
 15055 | Lair:1   | Noticed a five-headed hydra
 15071 | Lair:1   | Killed an eight-headed hydra
 15072 | Lair:1   | Reached skill level 1 in Evocations
 15140 | Lair:1   | Reached skill level 13 in Fighting
 15199 | Lair:1   | Noticed Sonja
 15203 | Lair:1   | Killed Sonja
 15272 | Lair:1   | Reached **** piety under Ashenzari
 15463 | Lair:1   | Noticed Harold
 15475 | Lair:1   | Killed Harold
 15476 | Lair:1   | Reached XP level 13. HP: 130/130 MP: 19/19
 16496 | Lair:3   | Found a staircase to the Swamp.
 16504 | Lair:3   | Reached skill level 1 in Translocations
 16507 | Lair:3   | Reached skill level 5 in Dodging
 16678 | Lair:3   | Reached ***** piety under Ashenzari
 16701 | Lair:3   | Found a hole to the Spider Nest.
 16718 | Lair:3   | Reached skill level 5 in Evocations
 17656 | Lair:4   | Reached XP level 14. HP: 127/146 MP: 22/22
 17658 | Lair:4   | Reached skill level 14 in Fighting
 17987 | Lair:5   | Found a staircase to the Slime Pits.
 18773 | Lair:6   | Entered Level 6 of the Lair of Beasts
 18795 | Lair:6   | Reached skill level 5 in Translocations
 18820 | Lair:6   | Learned a level 2 spell: Blink
 19177 | Lair:6   | Identified the +6 plate armour of Roklus {Int+4 Stlth+}
 19291 | Lair:6   | Reached skill level 15 in Fighting
 19357 | Lair:6   | Reached XP level 15. HP: 142/156 MP: 23/23
 19857 | Orc:1    | Entered Level 1 of the Orcish Mines
 20067 | Orc:2    | Entered Level 2 of the Orcish Mines
 20097 | Orc:2    | Noticed Saint Roka
 20100 | Orc:2    | Found a roughly hewn altar of Beogh.
 20254 | Orc:1    | Killed Saint Roka
 20394 | Orc:2    | Found a staircase to the Elven Halls.
 20452 | Orc:2    | Found Veassuel's Jewellery Shoppe.
 20472 | Orc:2    | Found Hiuta's Antique Weapon Shoppe.
 20675 | Orc:2    | Found Coprijutaenk's General Store.
 20873 | Orc:2    | Found Luatro Ycips's Antique Armour Shoppe.
 21005 | D:10     | Bought the +5 crystal plate armour of Gowi {rF+ Dex+2
                  | Stlth+} for 1411 gold pieces
 21153 | Spider:1 | Entered Level 1 of the Spider Nest
 21352 | Spider:1 | Noticed atomjack's ghost (adept DsIE)
 21352 | Spider:1 | Noticed an emperor scorpion
 21356 | Spider:1 | Found a runed translucent gate.
 21356 | Spider:1 | Found a runed translucent gate.
 21356 | Spider:1 | Found a runed translucent gate.
 21572 | Spider:1 | Noticed Frances
 21585 | Spider:1 | Killed Frances
 22647 | Spider:3 | Reached skill level 10 in Evocations
 22647 | Spider:3 | Reached XP level 16. HP: 163/170 MP: 28/30
 22690 | Spider:3 | Reached skill level 16 in Fighting
 22800 | Spider:3 | Reached skill level 5 in Spellcasting
 23046 | Spider:3 | Reached skill level 15 in Armour
 23214 | Spider:4 | Entered Level 4 of the Spider Nest
 23376 | Spider:4 | Identified the +7 short sword "Painymex" {antimagic, Dex+2}
 23527 | Spider:4 | Reached skill level 17 in Fighting
 23658 | Spider:4 | Got a gossamer rune of Zot
 24505 | D:13     | Reached XP level 17. HP: 150/181 MP: 33/33
 24511 | D:13     | Killed Urug
 24841 | D:14     | Found an ornate altar of the Wu Jian Council.
 25697 | D:15     | Entered Level 15 of the Dungeon
 25918 | D:15     | Found a staircase to the Depths.
 26391 | Depths:1 | Entered Level 1 of the Depths
 26601 | Depths:1 | Found a one-way gate to the infinite horrors of the Abyss.
 26673 | Depths:1 | Found a burning altar of Makhleb.
 26673 | Depths:1 | Noticed an Executioner
 27133 | Depths:1 | Reached skill level 10 in Translocations
 27163 | Depths:1 | Reached ****** piety under Ashenzari
 27169 | Depths:1 | Learned a level 4 spell: Passage of Golubria
 27169 | Depths:1 | Found a one-way gate leading to the halls of Pandemonium.
 27176 | Depths:1 | Learned a level 5 spell: Manifold Assault
 27194 | Depths:1 | Reached skill level 18 in Fighting
 27341 | Depths:1 | Found a gateway to Hell.
 27927 | Swamp:1  | Entered Level 1 of the Swamp
 27995 | Swamp:1  | Reached XP level 18. HP: 194/194 MP: 37/37
 28322 | Swamp:1  | Noticed Kirke
 28336 | Swamp:1  | Killed Kirke
 28571 | Swamp:2  | Found Rifuoxt's Island Escapes.
 28616 | Swamp:2  | Noticed Donald
 28638 | Swamp:2  | Killed Donald
 29138 | Swamp:3  | Noticed Aizul
 29157 | Swamp:3  | Killed Aizul
 29752 | Swamp:4  | Entered Level 4 of the Swamp
 30270 | Swamp:4  | Noticed a bone dragon
 30391 | Swamp:4  | Reached skill level 10 in Spellcasting
 30491 | Swamp:4  | Reached skill level 1 in Conjurations
 30517 | Swamp:4  | Killed a bone dragon
 30518 | Swamp:4  | Reached skill level 1 in Transmutations
 30598 | Swamp:4  | Got a decaying rune of Zot
 31000 | Depths:2 | Noticed a lich
 31013 | Depths:2 | Killed a lich
 31014 | Depths:2 | Reached skill level 19 in Fighting
 31039 | Depths:2 | Reached XP level 19. HP: 204/204 MP: 40/40
 31045 | Depths:2 | Noticed a caustic shrike
 31047 | Depths:2 | Noticed a juggernaut
 31047 | Depths:2 | Noticed a golden dragon
 31048 | Depths:2 | Killed a caustic shrike
 31063 | Depths:2 | Killed a juggernaut
 31092 | Depths:2 | Noticed a walking crystal tome
 31110 | Depths:2 | Killed a walking crystal tome
 31115 | Depths:2 | Killed a golden dragon
 31462 | Depths:2 | Reached skill level 5 in Conjurations
 31621 | Depths:2 | Found a sparkling altar of Nemelex Xobeh.
 32238 | Depths:2 | Noticed Louise
 32246 | Depths:2 | Killed Louise
 32303 | Depths:2 | Found the +8 glaive of the Guard {elec, spectral, AC+5}
 32672 | Depths:3 | Reached skill level 5 in Transmutations
 32911 | Depths:3 | Reached XP level 20. HP: 207/215 MP: 41/41
 32956 | Depths:3 | Found a magical portal.
 32967 | WizLab   | Entered Zonguldrok's Shrine
 32999 | WizLab   | Found the +9 sword of Zonguldrok {reap}
 33183 | WizLab   | Noticed an antique lich
 33204 | WizLab   | Killed an antique lich
 33241 | WizLab   | Identified the cursed +2 cloak of the Ensconced Augurer
                  | {rPois, Fort, Melee} (You found it on level 1 of the Lair
                  | of Beasts)
 33241 | WizLab   | Identified the cursed +2 pair of gloves "Shackled With Me"
                  | {Cun, Melee} (You found it on level 5 of the Dungeon)
 33285 | WizLab   | Acquired 476 gold pieces
 33382 | WizLab   | Learned a level 2 spell: Wereblood
 33549 | Depths:3 | Paralysed by a great orb of eyes for 7 turns
 33622 | Depths:3 | Noticed a royal mummy
 34146 | Depths:3 | Killed a royal mummy
 34261 | Depths:4 | Entered Level 4 of the Depths
 34290 | Depths:4 | Reached skill level 20 in Fighting
 34609 | Vaults:1 | Entered Level 1 of the Vaults
 35038 | Vaults:1 | Found Rowketojo's General Store.
 35984 | Vaults:2 | Reached XP level 21. HP: 195/224 MP: 42/42
 36163 | Vaults:2 | Found Uviladik's Magic Scroll Shop.
 36174 | Vaults:2 | Reached skill level 1 in Ice Magic
 36219 | Vaults:2 | Bought a scroll of teleportation for 57 gold pieces
 36219 | Vaults:2 | Bought a scroll of teleportation for 57 gold pieces
 36219 | Vaults:2 | Bought a scroll of summoning for 180 gold pieces
 36344 | Vaults:2 | Reached skill level 1 in Summonings
 36499 | Vaults:2 | Found a staircase to the Crypt.
 36596 | Crypt:1  | Entered Level 1 of the Crypt
 36681 | Crypt:1  | HP: 11/224 [death knight (22)]
 37573 | Spider:1 | Killed atomjack's ghost
 37795 | Orc:2    | Bought a shimmering war axe for 297 gold pieces
 37795 | Orc:2    | Identified the +6 war axe of the Hero {elec, rPois rC- rN+
                  | rCorr} (You bought it in a shop on level 2 of the Orcish
                  | Mines)
 38092 | Vaults:2 | Learned a level 2 spell: Passwall
 38098 | Vaults:2 | Learned a level 5 spell: Irradiate
 38102 | Vaults:2 | Learned a level 3 spell: Ozocubu's Armour
 38382 | Vaults:2 | Found a runed translucent gate.
 38383 | Vaults:2 | Found a runed translucent gate.
 38384 | Vaults:2 | Found a runed translucent gate.
 38388 | Vaults:2 | Noticed Itutiusk's ghost (adept VSFi)
 38417 | Vaults:2 | Reached skill level 1 in Hexes
 38432 | Vaults:2 | Killed Itutiusk's ghost
 38750 | Vaults:3 | Reached skill level 10 in Conjurations
 39210 | Vaults:3 | Reached skill level 5 in Ice Magic
 39217 | Vaults:3 | Learned a level 3 spell: Dazzling Flash
 39353 | Vaults:3 | Reached XP level 22. HP: 225/233 MP: 43/43
 39951 | Vaults:4 | Reached skill level 5 in Hexes
 40535 | Vaults:4 | Identified the +6 scale mail of Tenkorei {Fly Dex+3 Slay+6}
 40707 | Vaults:4 | Reached skill level 1 in Fire Magic
 40796 | Vaults:4 | Learned a level 3 spell: Inner Flame
 40858 | Vaults:4 | Cast into level 2 of the Abyss (war gargoyle)
 40862 | Abyss:2  | Found a corrupted altar of Lugonu.
 40898 | Abyss:2  | Found a corrupted altar of Lugonu.
 40935 | Abyss:2  | Found a corrupted altar of Lugonu.
 41010 | Vaults:4 | Escaped the Abyss
 41295 | Vaults:4 | Paralysed by a great orb of eyes for 6 turns
 41338 | Vaults:4 | Paralysed by a sphinx for 7 turns
 41610 | Vaults:5 | Entered Level 5 of the Vaults
 41667 | Vaults:5 | Reached skill level 5 in Fire Magic
 42180 | Vaults:5 | Reached XP level 23. HP: 226/240 MP: 24/44
 42370 | Vaults:5 | Identified the amulet of Bapliov {Reflect rElec Will-
                  | Regen+ SH+5}
 42372 | Vaults:5 | Noticed Frederick
 42389 | Vaults:5 | Identified the ring "Ikumoz" {rElec MP+9 Str+3 Dex-4}
 42430 | Vaults:5 | Got a silver rune of Zot
 44055 | Depths:4 | Found a gateway to a ziggurat.
 44182 | Depths:4 | Noticed a caustic shrike
 44183 | Depths:4 | Noticed a caustic shrike
 44184 | Depths:4 | Noticed a caustic shrike
 44187 | Depths:4 | Noticed a caustic shrike
 44198 | Depths:4 | Killed a caustic shrike
 44202 | Depths:4 | HP: 4/227 [caustic shrike (20)]
 44202 | Depths:4 | Splashed by a caustic shrike's acid

Illustrated notes

Levels and vault maps discovered:
D:1:      ldierk_water_garden, layout_loops_ring, ebering_ecumenical_altar_hall
D:2:      layout_rooms, uniq_robin, uniq_jessica
D:3:      layout_basic, serial_undead, serial_undead_c, serial_undead_a,
          serial_undead_d, serial_undead_b, serial_undead_d, serial_undead_a,
          serial_undead_f, serial_undead_b, grunt_decor_mini_mirrors, uniq_ijyb
D:4:      layout_gridville, nicolae_ossuary_entry_giza
D:5:      layout_basic, mainiacjoe_overflow_boulevard
D:6:      layout_basic, gammafunk_temple_overflow_wave,
          hellmonk_bongcloud_opening, grunt_decor_cap
D:7:      layout_layer_cave, minmay_temple_entry_enclosed_plants,
          grunt_ministairs_3, minmay_misc_feat_columns
D:8:      layout_loops_corners, mainiacjoe_overflow_concentric_impassable,
          serial_shops, nicolae_shop_overgrown_old_shop, uniq_psyche
D:9:      layout_rooms, minmay_lair_entry_grove, orc_0_dummy
D:10:     layout_cave_pools, yredelemnul_altar_generic,
          minmay_overflow_temple_star_hex, serial_shops, shop, serial_glass,
          glass_columns_a, glass_columns_c, kennysheep_potato, uniq_nergalle
D:11:     layout_basic, portal_ice_cave_entry_animals_and_master,
          minmay_orc_keep
D:12:     minmay_stone_box, layout_cross, grunt_decor_one_mirror
D:13:     layout_stronghold
D:14:     layout_loops_cross, david_vaults_3, serial_glass, glass_columns_a,
          glass_columns_c, gauntlet_entry_generic, hangedman_decor_riveting,
          nzn_wu_jian_contemplation
D:15:     hangedman_depths_entry_try_elsewhere_first, layout_irregular_city
Temple:   nicolae_temple_hex_pool
Lair:1:   layout_regular_city, uniq_harold, uniq_sonja
Lair:2:   layout_chaotic_city, bh_autumn_forest_stairs,
          chequers_serial_rivers_marsh, kennysheep_abandoned_house
Lair:3:   layout_cave_pods, skrybe_swamp_entry_bodies, spider_nest_entry_webs,
          serial_bayou_crossing
Lair:4:   layout_cave_pods, st_stairs_6, chequers_serial_rivers_micro_e,
          nicolae_lair_yak_garden, grunt_megastairs_2, lemuel_fruit_fields
Lair:5:   layout_layer_cave, nicolae_slime_entry_slimehenge
Lair:6:   minmay_lair_end_enchanted_forest, layout_long_grid, st_stairs_3
Swamp:1:  layout_basic_swamp, hangedman_swamp_ruin_wall, swamp_pool2, uniq_kirke
Swamp:2:  layout_basic_swamp, nicolae_swamp_orc_logging_accident, swamp_pool4,
          nicolae_island_escapes, uniq_donald
Swamp:3:  layout_falls_marsh, serial_swamp_ruin, evilmike_swamp_ruin_house_1,
          hangedman_swamp_ruin_hall, swamp_pool2, cheibrodos_swamp_minitomb,
          uniq_aizul
Swamp:4:  swamp_pestilence, layout_basic_swamp
Spider:1: layout_spider_delve, gammafunk_ghost_split, uniq_frances
Spider:2: layout_spider_delve, drop_trap
Spider:3: layout_spider_delve, nicolae_spider_rock_and_or_roll
Spider:4: grunt_spider_rune_circles, nicolae_spider_claw_tunnel
Orc:1:    layout_diamond_mine
Orc:2:    grunt_orc_cross, layout_caves, roderic_batcave
Vaults:1: vaults_room_large_hall, hangedman_vaults_pinch,
          nicolae_vaults_circle_grid_b, nicolae_vaults_alarming,
          ontoclasm_vaults_shuriken, nicolae_vaults_hallways_thing,
          vaults_mumra_minichess, v_misc_3, nicolae_vaults_diagonal_hallway_6,
          layout_vaults_chaotic_city, serial_shops, nicolae_shop_crystal
Vaults:2: gammafunk_ghost_split, v_misc_18, minmay_crypt_entry_skeletal_spiral,
          nicolae_vaults_little_ls, ontoclasm_vaults_eye, v_misc_14,
          vaults_room_grid, vaults_dpeg_hooks, layout_vaults_omnigrid,
          serial_shops, nicolae_shop_behind_doors
Vaults:3: hangedman_vaults_stream, grunt_vaults_swirl,
          ontoclasm_vaults_decontamination, vaults_dpeg_doors, v_rooms_1,
          hangedman_vaults_nails, nicolae_vaults_what_the_h,
          vaults_room_grunt_arrival_checkpoint, layout_vaults_ring
Vaults:4: v_misc_33, hangedman_vaults_trim, nicolae_vaults_twisting_passages,
          v_misc_10, hangedman_vaults_hard_town_square, v_alt_pattern_4,
          v_misc_29, nicolae_vaults_network_quinsquares
          [nicolae_vaults_network_quincunx_subvault,
          nicolae_vaults_network_quincunx_subvault,
          nicolae_vaults_network_quincunx_subvault,
          nicolae_vaults_network_quincunx_subvault],
          ontoclasm_vaults_loading_screen, nicolae_vaults_little_squares_1,
          layout_vaults_omnibox
Vaults:5: serial_shops, uniq_xtahua, uniq_frederick, uniq_mara
Crypt:1:  layout_regular_city
Depths:1: layout_gridlike, hellmouth_3, pan_entry, minmay_misc_feat_cross,
          abyss_entry_small_statue_room, minmay_misc_feat_more_columns,
          minmay_misc_feat_alley, nicolae_water_bricks,
          makhleb_altar_promises_db, serial_bayou_shore_b
Depths:2: minmay_guarded_unrand_guard, layout_gridville,
          nemelex_xobeh_ov_fountains_minmay,
          nicolae_abyss_entry_one_way_or_another, hell_entry,
          rand_demon_pan_entry_4, infiniplex_staircase_zigzag_1
Depths:3: lemuel_minitomb, layout_cave_pools, marbit_kobold_abyss_entry,
          hell_entry, infiniplex_enter_wizlab_glasses,
          minmay_misc_feat_diagonals
Depths:4: evilmike_zot_entry_basic, layout_long_grid, enter_ziggurat_a,
          grunt_pan_entry_in_and_out, lightli_too_deep, minmay_misc_feat_doors,
          nicolae_trove_entry_columns, slow_altar_2, uniq_jory

Skill      XL: |  1  2  3  4  5  6  7  8  9 10 11 12 13 14 15 16 17 18 19 20 21 22 23 |
---------------+----------------------------------------------------------------------+-----
Axes           | 3 4 5 6 8 10 11 12 13 | 13.4
Fighting       | 4 5 6 8 9 11 12 13 15 17 18 19 20 | 20.0
Armour         | 4 5 6 7 8 10 11 12 13 14 15 16 17 18 | 18.5
Shields        | 4 5 7 |  7.6
Dodging        | 3 4 5 6 |  6.2
Stealth        | 4 6 |  6.6
Spellcasting   | 2 4 6 8 10 | 10.0
Evocations     | 2 6 7 10 12 13 14 | 14.5
Translocations | 3 6 8 10 11 | 11.0
Conjurations   | 2 7 8 10 11 | 11.6
Transmutations | 1 5 8 9 |  9.0
Ice Magic      | 5 8 9 |  9.7
Summonings     | 3 |  3.1
Hexes          | 4 8 9 |  9.9
Fire Magic     | 5 |  5.0

Action                   |  1- 3 |  4- 6 |  7- 9 | 10-12 | 13-15 | 16-18 | 19-21 | 22-24 || total
-------------------------+-------+-------+-------+-------+-------+-------+-------+-------++-------
Melee: War axe           |    98 |   234 |   338 |   232 |       |       |       |       ||   902
       Broad axe         |       |       |       |   189 |   841 |  1135 |  1491 |   674 ||  4330
 Cast: Blink             |       |       |       |       |       |     6 |     8 |       ||    14
       Passage of Golubr |       |       |       |       |       |     1 |       |       ||     1
       Manifold Assault  |       |       |       |       |       |     3 |    83 |    53 ||   139
       Wereblood         |       |       |       |       |       |       |     1 |     3 ||     4
       Dazzling Flash    |       |       |       |       |       |       |       |     1 ||     1
       Ozocubu's Armour  |       |       |       |       |       |       |       |     1 ||     1
Invok: Curse Item        |       |       |     1 |     6 |     3 |     1 |       |       ||    11
       Shatter the Chain |       |       |       |     1 |       |       |       |     3 ||     4
Evoke: Wand              |       |       |     4 |    16 |    24 |    61 |     2 |       ||   107
       Piece from Xom's  |       |       |       |     1 |       |       |       |       ||     1
  Use: Scroll            |     4 |     3 |     6 |     7 |     1 |       |     9 |     4 ||    34
       Potion            |     1 |     2 |     2 |     6 |     4 |       |    13 |     5 ||    33
 Stab: Invisible         |       |       |       |     2 |       |       |     2 |     1 ||     5
       Petrified         |       |       |       |       |     2 |       |       |       ||     2
       Petrifying        |       |       |       |       |     1 |       |       |       ||     1
Armor: Scale mail        |    56 |     9 |       |       |       |       |       |       ||    65
       Plate armour      |       |   106 |   208 |   323 |   254 |       |       |       ||   891
       Crystal plate arm |       |       |       |       |   101 |   938 |   731 |   412 ||  2182
       Skin              |       |       |       |       |       |       |    36 |       ||    36
Dodge: Dodged            |    55 |    94 |   188 |   242 |   375 |   658 |   548 |   230 ||  2390
Block: Buckler           |    30 |    42 |    38 |   151 |   244 |   522 |   474 |   249 ||  1750
       Kite shield       |       |       |    64 |    64 |       |       |       |       ||   128
       Reflection        |       |       |       |     1 |     1 |    20 |    18 |    12 ||    52

Table legend: (Time is in decaauts)
 A = Elapsed time spent in this place.
 B = Non-inter-level travel time spent in this place.
 C = Inter-level travel time spent in this place.
 D = Time resting spent in this place.
 E = Time spent auto-exploring this place.
 F = Levels seen in this place.
 G = Mean time per level.
                   A        B        C        D        E       F      G
               +--------+--------+--------+--------+--------+-----+--------+
         Total |  43628 |  38573 |   5055 |   3771 |  24734 |  47 |  928.3 |
       Dungeon |  17452 |  15067 |   2385 |   1056 |  11504 |  15 | 1163.5 |
        Temple |    163 |    157 |      6 |      0 |     61 |   1 |  163.0 |
          Lair |   5346 |   4552 |    794 |      0 |   3626 |   6 |  891.0 |
         Swamp |   3050 |   2754 |    296 |     83 |   1605 |   4 |  762.5 |
   Spider Nest |   3129 |   2661 |    468 |    102 |   1868 |   4 |  782.2 |
  Orcish Mines |   1135 |    995 |    140 |    175 |    514 |   2 |  567.5 |
        Vaults |   7204 |   6480 |    724 |   1138 |   3181 |   5 | 1440.8 |
         Crypt |     94 |     94 |      0 |      0 |     33 |   1 |   94.0 |
        Depths |   4534 |   4294 |    240 |    743 |   1936 |   4 | 1133.5 |
         Abyss |    180 |    180 |      0 |      6 |     12 |   2 |   90.0 |
       Ossuary |    461 |    461 |      0 |     61 |    264 |   1 |  461.0 |
      Ice Cave |    449 |    449 |      0 |    325 |     61 |   1 |  449.0 |
        Wizlab |    427 |    427 |      0 |     81 |     67 |   1 |  427.0 |
               +--------+--------+--------+--------+--------+-----+--------+

Top non-repeatable levels by time:
Vaults:4: 2127 daAuts
    D:11: 2117 daAuts
Vaults:2: 1729 daAuts
     D:7: 1574 daAuts
    D:13: 1558 daAuts
Depths:2: 1501 daAuts
Vaults:1: 1491 daAuts
Depths:3: 1488 daAuts
     D:9: 1465 daAuts
Vaults:3: 1379 daAuts
Depths:1: 1313 daAuts
     D:6: 1297 daAuts
     D:1: 1288 daAuts
    D:10: 1250 daAuts
     D:3: 1179 daAuts
